 Dungeon Sprint DCSS version 0.24-a0-536-gdd4cf15 (webtiles) character file.

Game seed: 1166195882312567468

536558 Faca the Conqueror (level 23, -25/218 (219) HPs)
             Began as a Formicid Fighter on Aug 12, 2019.
             Was the Champion of the Shining One.
             Annihilated by Antaeus (26 damage)
             ... in the Dungeon (Sprint IX: "|||||||||||||||||||||||||||||") on Aug 13, 2019.
             The game lasted 00:58:59 (12707 turns).

Faca the Conqueror (Formicid Fighter)              Turns: 12707, Time: 00:59:00

HP:   -25/218 (219) AC: 38    Str: 38    XL:     23   Next: 83%
MP:   54/54         EV: 20    Int: 12    God:    the Shining One [******]
Gold: 296           SH: 37    Dex: 10    Spells: 76/76 levels left

rFire    + . .     SeeInvis +   t - +6 sacred scourge (holy)
rCold    + . .     Gourm    .   y - +5 large shield
rNeg     + + +     Faith    .   m - +5 gold dragon scales
rPois    +         Spirit   .   (helmet unavailable)
rElec    +         Reflect  +   k - +0 cloak {rPois}
rCorr    +         Harm     .   p - +0 pair of gloves
MR       ++++.                  x - +0 pair of boots "Juawykke" {rElec rN+ MR++}
Stlth    ++........             b - amulet of Loolos {Reflect Str+4 Int+4 SH+3}
HPRegen  0.46/turn              o - ring of resist corrosion
MPRegen  0.34/turn              A - ring of Autumn {rPois Str+7 Stlth+}

@: glowing
A: permanent stasis, dig shafts and tunnels, four strong arms, antennae 3, dopey
1, weak 1
}: 9/17 runes: decaying, serpentine, barnacled, slimy, elven, silver, golden,
abyssal, gossamer
a: Dig, Divine Shield, Cleansing Flame, Summon Divine Warrior, Renounce Religion


You were in the Dungeon.
You worshipped the Shining One.
The Shining One was exalted by your worship.
You were hungry.

You visited 1 branch You collected 1954 gold pieces.
You spent 1658 gold pieces at shops.

Inventory:

Hand Weapons
 h - a +1 great mace of crushing
 t - a +6 sacred scourge of holy wrath (weapon)
Missiles
 C - 13 javelins (quivered)
 D - 39 silver javelins
Armour
 j - a +0 pair of boots
 k - a +0 cloak of poison resistance (worn)
 m - +5 gold dragon scales (worn)
 p - a +0 pair of gloves (worn)
 x - the +0 pair of boots "Juawykke" (worn) {rElec rN+ MR++}
   (You found it in the Dungeon)

   It insulates you from electricity.
   It protects you from negative energy.
   It affects your resistance to hostile enchantments.
 y - a +5 large shield (worn)
Jewellery
 b - the amulet of Loolos (around neck) {Reflect Str+4 Int+4 SH+3}
   (You acquired it in the Dungeon)

   [amulet of reflection]

   It shields you and reflects attacks.
   It affects your strength (+4).
   It affects your intelligence (+4).
   It affects your SH (+3).
 g - the ring "Umuf Zeu" {Ice rElec MP+9, unknown}
   (You found it in the Dungeon)

   [ring of ice]

   It enhances your ice magic.
   It makes you vulnerable to fire.
   It protects you from cold.
   It insulates you from electricity.
   It affects your magic capacity (+9).
 o - a ring of resist corrosion (left hand)
 r - a +6 ring of dexterity
 w - the ring "Veseyde" {-Tele *Drain rF+ rC+++ SInv}
   (You found it in the Dungeon)

   [ring of protection from fire]

   It protects you from fire.
   It renders you almost immune to cold.
   It lets you see invisible.
   It prevents most forms of teleportation.
   It causes draining when unequipped.
 A - the ring of Autumn (right hand) {rPois Str+7 Stlth+}
   (You found it in the Dungeon)

   [ring of poison resistance]

   It affects your strength (+7).
   It protects you from poison.
   It makes you more stealthy.
Wands
 n - a wand of acid (8)
Scrolls
 l - 10 scrolls of remove curse
 u - 5 scrolls of fog
 v - 3 scrolls of fear
 B - a scroll of identify
Potions
 a - 3 potions of lignification
 c - a potion of cancellation {unknown}
 d - 2 potions of resistance
 e - 11 potions of curing
 i - 4 potions of magic
 q - 2 potions of brilliance
 s - a potion of mutation
 z - a potion of agility
Comestibles
 f - 6 rations


   Skills:
 O Level 27 Fighting
 O Level 27 Maces & Flails
 + Level 26.5 Throwing
 O Level 27 Armour
 O Level 27 Dodging
 O Level 27 Stealth
 O Level 27 Shields
 O Level 27 Spellcasting
 O Level 27 Invocations
 O Level 27 Evocations


You had 76 spell levels left.
You didn't know any spells.
Your spell library was empty.

Dungeon Overview and Level Annotations

Branches:
Dungeon (1/1)

Altars:
Cheibriados
Dithmenos
Elyvilon
Fedhas
Gozag
Hepliaklqana
Kikubaaqudgha
Makhleb
Nemelex Xobeh
Okawaru
Qazlal
Ru
Sif Muna
Trog
Uskayaw
Vehumet
Wu Jian
Xom
Yredelemnul
Zin
The Shining One
Beogh
Jiyva
Lugonu

Shops:
D [?=(

Annotations:
D Antaeus, Asmodeus, Mnoleg


Innate Abilities, Weirdness & Mutations

You cannot be hasted, slowed, berserked, paralysed or teleported.
You can dig through walls and to a lower floor.
Your four strong arms can wield two-handed weapons with a shield.
You have a pair of large antennae on your head. (SInv)
You are dopey. (Int -2)
You are weak. (Str -2)


Message History

The javelin pierces through Mnoleg!
Mnoleg is lightly wounded.
Throwing (i - inventory. (/) - cycle)
C - 14 javelins (quivered)
Press: ? - help, Shift-Dir - straight line, f/p - Antaeus
Aim: Antaeus (flame, severely wounded, unusually strong, haloed)
You throw a javelin. The javelin pierces through Antaeus!!!
Antaeus is almost dead.
The javelin pierces through Asmodeus but does no damage.
Asmodeus is heavily wounded.
The javelin pierces through Mnoleg!!!
Mnoleg is moderately wounded.
Mnoleg is engulfed in blazing flames.
Antaeus is engulfed in blazing flames.
Antaeus hits you!!!
* * * LOW HITPOINT WARNING * * *
Antaeus freezes you!! You resist.
* * * LOW HITPOINT WARNING * * *
Antaeus hits you!
* * * LOW HITPOINT WARNING * * *
Antaeus freezes you!! You resist.
You die...

.▓.▓.▓.▓)▓.▓.▓.▓.▓
)▓.▓.▓.▓)▓.▓.▓.▓.▓
)▓.▓.▓.▓)▓.▓.▓.▓.▓
)▓.▓.▓.▓.▓.▓'▓.▓.▓
.▓.▓.▓.▓.▓.▓.▓.▓.▓
.▓.▓.▓.▓.▓.▓.▓.▓.▓
.▓.▓.▓.▓.▓.▓.▓.▓.▓
'▓.▓[▓.▓.▓.▓.▓.▓'▓
[▓.▓.▓.▓.▓.▓.▓.▓@▓
)▓.▓)▓.▓.▓.▓.▓.▓C▓
.▓.▓.▓.▓.▓.▓.▓.▓&▓
.▓.▓.▓.▓.▓.▓.▓.▓○▓
)▓.▓.▓.▓.▓.▓.▓.▓.▓
.▓.▓.▓.▓.▓.▓'▓.▓&▓
.▓.▓'▓.▓.▓.▓.▓.▓°▓
.▓.▓.▓.▓.▓.▓.▓.▓X▓
.▓.▓.▓.▓.▓.▓.▓.▓


You could see Antaeus, Asmodeus, Mnoleg and a tentacled monstrosity.

Vanquished Creatures
  Cerebov (D)
  Gloorx Vloq (D)
  the Royal Jelly (D)
  4 ancient liches (D)
  Mara (D)
  3 orbs of fire (D)
  5 greater mummies (D)
  Boris (D)
  2 Killer Klowns (D)
  A curse toe (D)
  Margery (D)
  Geryon (D)
  5 golden dragons (D)
  A bone dragon (D)
  4 electric golems (D)
  5 tentacled monstrosities (D)
  30 Orb Guardians (D)
  Rupert (D)
  3 deep elf blademasters (D)
  A quicksilver dragon (D)
  3 liches (D)
  17 acid blobs (D)
  12 sphinxes (D)
  Frances (D)
  A tentacled starspawn (D)
  A death cob (D)
  10 shadow dragons (D)
  2 storm dragons (D)
  Kirke (D)
  Ilsuiw (D)
  A draconian monk (D)
  2 fire giants (D)
  2 tengu reavers (D)
  4 nagarajas (D)
  4 azure jellies (D)
  3 frost giants (D)
  2 draconian knights (D)
  Aizul (D)
  3 ghost moths (D)
  A vault warden (D)
  6 emperor scorpions (D)
  A draconian stormcaller (D)
  A draconian scorcher (D)
  An ironheart preserver (D)
  Louise (D)
  2 draconian shifters (D)
  A war gargoyle (D)
  2 very ugly things (D)
  2 starcursed masses (D)
  3 draconian annihilators (D)
  7 vampire knights (D)
  3 deep elf demonologists (D)
  2 deep elf annihilators (D)
  A green draconian (D)
  3 black draconians (D)
  4 red draconians (D)
  3 stone giants (D)
  A yellow draconian (D)
  A spark wasp (D)
  3 white draconians (D)
  7 death oozes (D)
  4 purple draconians (D)
  3 deep elf death magi (D)
  2 fire dragons (D)
  4 merfolk javelineers (D)
  A mummy priest (D)
  4 yaktaur captains (D)
  2 ettins (D)
  2 deep elf high priests (D)
  2 great orbs of eyes (D)
  2 merfolk impalers (D)
  25 vault guards (D)
  3 naga warriors (D)
  2 rakshasas (D)
  Josephine (D)
  4 ice dragons (D)
  2 ghost crabs (D)
  5 merfolk avatars (D)
  7 hydras (D)
  A merfolk aquamancer (D)
  An anaconda (shapeshifter) (D)
  4 centaur warriors (D)
  4 ogre magi (D)
  A deep troll earth mage (D)
  3 orc high priests (D)
  A deep troll shaman (D)
  Urug (D)
  2 tengu warriors (D)
  4 hell knights (D)
  Sonja (D)
  2 deep elf knights (D)
  A shadow wraith (D)
  3 sea snakes (D)
  3 small abominations (D)
  3 ironbrand convokers (D)
  6 swamp dragons (D)
  2 naga ritualists (D)
  A death drake (shapeshifter) (D)
  2 mana vipers (D)
  4 orc knights (D)
  A glowing orange brain (D)
  A deep elf archer (D)
  4 wolf spiders (D)
  A necromancer (D)
  A wizard (D)
  2 ugly things (D)
  2 harpies (D)
  8 moths of wrath (D)
  2 guardian serpents (D)
  3 black mambas (D)
  5 naga magi (D)
  4 spiny frogs (D)
  A vault sentinel (D)
  2 freezing wraiths (D)
  A komodo dragon (D)
  2 demonic crawlers (D)
  22 guardian mummies (D)
  3 merfolk (D)
  A tengu conjurer (D)
  A wandering mushroom (D)
  A polar bear (shapeshifter) (D)
  A wind drake (shapeshifter) (D)
  2 jumping spiders (D)
  3 tyrant leeches (D)
  3 slime creatures (D)
  2 blink frogs (D)
  A slime creature (shapeshifter) (D)
  A hippogriff (shapeshifter) (D)
  A dream sheep (shapeshifter) (D)
  A bog body (D)
  2 tarantellas (D)
  3 wraiths (D)
  11 spriggans (D)
  2 redbacks (D)
  A ynoxinul (D)
  A water elemental (D)
  2 yaks (D)
  A golden eye (D)
  Eustachio (D)
  A hog (shapeshifter) (D)
  A vampire mosquito (D)
  A naga (D)
  3 large abominations (D)
  A soldier ant (D)
  2 acid dragons (D)
  4 water moccasins (D)
  2 porcupines (D)
  2 swamp drakes (D)
  7 orc warriors (D)
  A sky beast (shapeshifter) (D)
  A boggart (D)
  A wolf (D)
  2 crocodiles (D)
  5 bullfrogs (D)
  A scorpion (D)
  A wight (D)
  5 orc priests (D)
  3 orc wizards (D)
  An iguana (D)
  A worker ant (D)
  An adder (D)
  2 shadow imps (D)
  An adder skeleton (D)
  An adder zombie (D)
  2 leopard geckos (D)
  21 orcs (D)
  2 bat zombies (D)
  A goblin (D)
  A hobgoblin (D)
  A kobold (D)
  A quokka (D)
  A ball python (D)
  A quokka zombie (D)
  2 rats (D)
  A crawling corpse (D)
  A starspawn tentacle (D)
517 creatures vanquished.

Vanquished Creatures (others)
  A deep elf master archer (D)
  A hydra (D)
  2 alligators (D)
  A spiny frog (D)
  A tyrant leech (D)
  5 humans (D)
  A starspawn tentacle (D)
12 creatures vanquished.

Grand Total: 529 creatures vanquished

Notes
Turn   | Place    | Note
-------+----------+-------------------------------------------
     0 | D        | Faca the Formicid Fighter began the quest for the Orb.
     0 | D        | Reached XP level 1. HP: 18/18 MP: 1/1
   140 | D        | Reached XP level 2. HP: 26/26 MP: 2/2
   148 | D        | Reached skill level 5 in Fighting
   150 | D        | Reached XP level 3. HP: 33/33 MP: 3/3
   157 | D        | Found a roughly hewn altar of Beogh.
   157 | D        | Found a snail-covered altar of Cheibriados.
   157 | D        | Found a shadowy altar of Dithmenos.
   157 | D        | Found a white marble altar of Elyvilon.
   157 | D        | Found a blossoming altar of Fedhas.
   157 | D        | Found an opulent altar of Gozag.
   158 | D        | Found a hazy altar of Hepliaklqana.
   159 | D        | Found a viscous altar of Jiyva.
   160 | D        | Found an ancient bone altar of Kikubaaqudgha.
   161 | D        | Found a corrupted altar of Lugonu.
   162 | D        | Found a burning altar of Makhleb.
   163 | D        | Found a sparkling altar of Nemelex Xobeh.
   164 | D        | Found an iron altar of Okawaru.
   165 | D        | Found a stormy altar of Qazlal.
   166 | D        | Found a sacrificial altar of Ru.
   167 | D        | Found a shimmering blue altar of Sif Muna.
   168 | D        | Found a bloodstained altar of Trog.
   169 | D        | Found a hide-covered altar of Uskayaw.
   170 | D        | Found a radiant altar of Vehumet.
   171 | D        | Found an ornate altar of the Wu Jian Council.
   172 | D        | Found a shimmering altar of Xom.
   173 | D        | Found a basalt altar of Yredelemnul.
   174 | D        | Found a glowing silver altar of Zin.
   175 | D        | Found a glowing golden altar of the Shining One.
   183 | D        | Became a worshipper of the Shining One
   222 | D        | Reached * piety under the Shining One
   222 | D        | Noticed a scorpion
   225 | D        | Reached skill level 5 in Maces & Flails
   225 | D        | Reached XP level 4. HP: 41/41 MP: 4/4
   234 | D        | Reached XP level 5. HP: 40/49 MP: 5/5
   293 | D        | Noticed a centaur warrior
   293 | D        | Reached ** piety under the Shining One
   293 | D        | Noticed a soldier ant
   293 | D        | Reached *** piety under the Shining One
   300 | D        | Killed a centaur warrior
   300 | D        | Reached XP level 6. HP: 57/65 MP: 6/6
   300 | D        | Reached XP level 7. HP: 63/71 MP: 7/7
   300 | D        | Reached XP level 8. HP: 69/78 MP: 8/8
   349 | D        | Noticed Eustachio
   349 | D        | Reached **** piety under the Shining One
   358 | D        | Killed Eustachio
   429 | D        | Found the +7 Singing Sword {slice, sonic wave}
   461 | D        | Noticed a komodo dragon
   461 | D        | Noticed a yak
   461 | D        | Noticed a spiny frog
   461 | D        | Noticed a spiny frog
   466 | D        | Reached skill level 1 in Invocations
   467 | D        | Noticed a seven-headed hydra
   467 | D        | Reached ***** piety under the Shining One
   471 | D        | Killed a komodo dragon
   471 | D        | Reached XP level 9. HP: 77/86 MP: 8/11
   474 | D        | Reached skill level 5 in Shields
   482 | D        | Killed a seven-headed hydra
   482 | D        | Reached skill level 5 in Invocations
   485 | D        | Killed a spiny frog
   488 | D        | Killed a spiny frog
   488 | D        | Reached XP level 10. HP: 59/95 MP: 9/15
   714 | D        | Noticed a four-headed hydra
   722 | D        | Killed a four-headed hydra
   722 | D        | Reached skill level 15 in Fighting
   978 | D        | Reached ****** piety under the Shining One
   978 | D        | Noticed a spiny frog
   978 | D        | Noticed a spiny frog
   986 | D        | Killed a spiny frog
   986 | D        | Reached skill level 10 in Shields
   989 | D        | Killed a spiny frog
   992 | D        | Reached XP level 11. HP: 79/104 MP: 16/18
  1089 | D        | Noticed Josephine
  1093 | D        | Reached skill level 10 in Invocations
  1100 | D        | Killed Josephine
  1100 | D        | Reached skill level 10 in Armour
  1206 | D        | Noticed an orc knight
  1259 | D        | Killed an orc knight
  1569 | D        | Reached skill level 15 in Maces & Flails
  1732 | D        | Noticed an orc high priest
  1740 | D        | Killed an orc high priest
  1764 | D        | Found Conopuna's Armour Emporium.
  1793 | D        | Found Dezis's Magic Scroll Shoppe.
  1797 | D        | Found Xynt's Jewellery Emporium.
  1799 | D        | Noticed an orc high priest
  1800 | D        | Found Quof's Antique Weapon Shoppe.
  1836 | D        | Noticed a soul eater
  1856 | D        | Killed an orc high priest
  1873 | D        | Noticed an orc high priest
  1892 | D        | Killed an orc high priest
  1961 | D        | Bought a scroll of enchant armour for 97 gold pieces
  1961 | D        | Bought a scroll of acquirement for 676 gold pieces
  1966 | D        | Got a heavily runed lead amulet
  1967 | D        | Identified the amulet of Loolos {Reflect Str+4 Int+4 SH+3}
                  | (You acquired it in the Dungeon)
  1976 | D        | Bought a +0 cloak of poison resistance for 85 gold pieces
  1976 | D        | Bought +0 gold dragon scales for 800 gold pieces
  2041 | D        | Noticed Urug
  2058 | D        | Killed Urug
  2170 | D        | Noticed Sonja
  2177 | D        | Killed Sonja
  2177 | D        | Reached XP level 12. HP: 109/113 MP: 21/21
  2275 | D        | Noticed a centaur warrior
  2275 | D        | Noticed a five-headed hydra
  2275 | D        | Noticed a centaur warrior
  2282 | D        | Killed a centaur warrior
  2285 | D        | Killed a five-headed hydra
  2286 | D        | Noticed an ogre mage
  2289 | D        | Noticed an ettin
  2290 | D        | Killed a centaur warrior
  2295 | D        | Noticed a rakshasa
  2305 | D        | Noticed a frost giant
  2310 | D        | Killed a rakshasa
  2310 | D        | Noticed a deep troll earth mage
  2321 | D        | Killed an ogre mage
  2337 | D        | Killed a frost giant
  2341 | D        | Killed an ettin
  2350 | D        | Killed a deep troll earth mage
  2361 | D        | Noticed a spark wasp
  2372 | D        | Killed a spark wasp
  2785 | D        | Reached XP level 13. HP: 113/122 MP: 23/23
  2814 | D        | Reached skill level 15 in Shields
  2830 | D        | Noticed a ghost moth
  2842 | D        | Killed a ghost moth
  2971 | D        | Noticed a merfolk javelineer
  2974 | D        | Noticed a merfolk avatar
  2979 | D        | Killed a merfolk javelineer
  2979 | D        | Reached skill level 15 in Invocations
  3003 | D        | Reached skill level 15 in Armour
  3019 | D        | Killed a merfolk avatar
  3073 | D        | Noticed a naga warrior
  3105 | D        | Killed a naga warrior
  3130 | D        | Noticed a ghost crab
  3130 | D        | Noticed a ghost crab
  3135 | D        | Killed a four-headed hydra
  3157 | D        | Killed a ghost crab
  3167 | D        | Killed a ghost crab
  3380 | D        | Noticed a yaktaur captain
  3380 | D        | Noticed an ice dragon
  3386 | D        | Noticed a stone giant
  3394 | D        | Killed a yaktaur captain
  3394 | D        | Reached XP level 14. HP: 130/130 MP: 25/25
  3395 | D        | Noticed a frost giant
  3417 | D        | Noticed a frost giant
  3423 | D        | Noticed a tengu reaver
  3427 | D        | Killed a stone giant
  3436 | D        | Killed a frost giant
  3457 | D        | Killed a frost giant
  3465 | D        | Noticed a vampire knight
  3488 | D        | Killed a tengu reaver
  3531 | D        | Killed a vampire knight
  3858 | D        | Noticed a vault warden
  3880 | D        | Killed a vault warden
  3922 | D        | Reached XP level 15. HP: 120/136 MP: 26/26
  4157 | D        | Noticed Margery
  4174 | D        | Killed Margery
  4434 | D        | Noticed Louise
  4447 | D        | Killed Louise
  4493 | D        | Noticed Mara
  4498 | D        | Noticed Faca's illusion
  4531 | D        | Killed Mara
  4659 | D        | Noticed a nagaraja
  4660 | D        | Noticed a nagaraja
  4669 | D        | Killed a nagaraja
  4676 | D        | Noticed a nagaraja
  4687 | D        | Killed a nagaraja
  4699 | D        | Killed a nagaraja
  4703 | D        | Noticed a nagaraja
  4718 | D        | Killed a nagaraja
  5095 | D        | Got a serpentine rune of Zot
  5104 | D        | Noticed Ilsuiw
  5107 | D        | Reached XP level 16. HP: 139/148 MP: 27/27
  5132 | D        | Killed Ilsuiw
  5216 | D        | Got a barnacled rune of Zot
  5251 | D        | Reached skill level 1 in Dodging
  5493 | D        | Reached skill level 5 in Dodging
  5499 | D        | Got a gossamer rune of Zot
  5630 | D        | Got a decaying rune of Zot
  5714 | D        | Noticed Kirke
  5729 | D        | Killed Kirke
  5786 | D        | Noticed Aizul
  5797 | D        | Killed Aizul
  5979 | D        | Noticed Boris
  5982 | D        | Identified a +4 sacred scourge of holy wrath (a +2 demon
                  | whip of flaming blessed by the Shining One)
  5982 | D        | Received a gift from the Shining One
  5989 | D        | Killed Boris
  6056 | D        | Reached XP level 17. HP: 156/160 MP: 29/29
  6188 | D        | Reached skill level 10 in Dodging
  6241 | D        | Noticed a tentacled monstrosity
  6275 | D        | Killed a tentacled monstrosity
  6318 | D        | Noticed an Orb Guardian
  6318 | D        | Noticed Gloorx Vloq
  6322 | D        | Killed an Orb Guardian
  6324 | D        | Noticed an Executioner
  6344 | D        | Noticed an Executioner
  6349 | D        | Noticed an Executioner
  6351 | D        | Noticed an Executioner
  6356 | D        | Killed Gloorx Vloq
  6673 | D        | Identified the +6 sword of Cerebov {flame}
  6673 | D        | Noticed Cerebov
  6675 | D        | Noticed a Hell Sentinel
  6698 | D        | Killed Cerebov
  6698 | D        | Reached XP level 18. HP: 153/175 MP: 27/32
  6843 | D        | Noticed a golden dragon
  6848 | D        | Noticed a tentacled monstrosity
  6853 | D        | Reached skill level 15 in Dodging
  6863 | D        | Killed a golden dragon
  6871 | D        | Killed a tentacled monstrosity
  6899 | D        | Got a silver rune of Zot
  6956 | D        | Noticed Frances
  6963 | D        | Killed Frances
  6991 | D        | Got the amulet "Zausm" {rF+ rC+ Regen+}
  6993 | D        | Got the ring of Autumn {rPois Str+7 Stlth+}
  6999 | D        | Got the ring "Veseyde" {-Tele *Drain rF+ rC+++ SInv}
  7001 | D        | Got the ring of Lilacs {Int+2 Dex+3}
  7003 | D        | Got the ring "Pugiciur" {+Fly rF+}
  7037 | D        | Got the +0 pair of boots "Juawykke" {rElec rN+ MR++}
  7130 | D        | Noticed Rupert
  7136 | D        | Killed Rupert
  7235 | D        | Noticed a bone dragon
  7239 | D        | Reached XP level 19. HP: 187/187 MP: 33/33
  7244 | D        | Noticed a golden dragon
  7262 | D        | Killed a bone dragon
  7274 | D        | Killed a golden dragon
  7274 | D        | Reached skill level 27 in Fighting
  7274 | D        | Reached skill level 27 in Maces & Flails
  7274 | D        | Reached skill level 27 in Shields
  7388 | D        | Noticed a tentacled monstrosity
  7409 | D        | Killed a tentacled monstrosity
  7472 | D        | Noticed a golden dragon
  7473 | D        | Noticed a Killer Klown
  7481 | D        | Killed a golden dragon
  7491 | D        | Killed a Killer Klown
  7491 | D        | Reached skill level 27 in Armour
  7554 | D        | Noticed a curse toe
  7583 | D        | Killed a curse toe
  7720 | D        | Reached skill level 27 in Invocations
  7744 | D        | Reached XP level 20. HP: 194/197 MP: 37/37
  7905 | D        | Noticed a tentacled monstrosity
  7905 | D        | Noticed a tentacled monstrosity
  7905 | D        | Noticed a golden dragon
  7908 | D        | Killed a tentacled monstrosity
  7911 | D        | Killed a tentacled monstrosity
  7923 | D        | Killed a golden dragon
  7941 | D        | Reached skill level 27 in Dodging
  7955 | D        | Noticed an ancient lich
  7961 | D        | Killed an ancient lich
  7964 | D        | Noticed an orb of fire
  7968 | D        | Killed an orb of fire
  7968 | D        | Reached skill level 15 in Evocations
  7971 | D        | Noticed an electric golem
  7984 | D        | Killed an electric golem
  7987 | D        | Noticed an electric golem
  7987 | D        | Noticed an ancient lich
  7987 | D        | Noticed an electric golem
  7987 | D        | Noticed an orb of fire
  7994 | D        | Noticed an orb of fire
  7999 | D        | Killed an ancient lich
  7999 | D        | Reached XP level 21. HP: 204/204 MP: 38/38
  8009 | D        | Killed an orb of fire
  8009 | D        | Gained mutation: You are weak. (Str -2) [an orb of fire]
  8020 | D        | Gained mutation: You are dopey. (Int -2) [an orb of fire]
  8021 | D        | Killed an orb of fire
  8043 | D        | Killed an electric golem
  8049 | D        | Killed an electric golem
  8205 | D        | Noticed an electric golem
  8206 | D        | Noticed a golden dragon
  8210 | D        | Noticed a Killer Klown
  8224 | D        | Killed an electric golem
  8231 | D        | Killed a golden dragon
  8238 | D        | Reached skill level 27 in Evocations
  8266 | D        | Killed a Killer Klown
  8725 | D        | Reached XP level 22. HP: 193/212 MP: 39/39
  8846 | D        | Noticed an ancient lich
  8846 | D        | Noticed an ancient lich
  8858 | D        | Killed an ancient lich
  8858 | D        | Reached skill level 27 in Stealth
  8858 | D        | Reached skill level 5 in Spellcasting
  8863 | D        | Killed an ancient lich
  8884 | D        | Reached skill level 15 in Spellcasting
  9057 | D        | Got an elven rune of Zot
  9211 | D        | Noticed the Royal Jelly
  9325 | D        | Killed the Royal Jelly
  9325 | D        | Reached XP level 23. HP: 26/219 MP: 45/53
  9736 | D        | Reached skill level 27 in Spellcasting
  9741 | D        | Reached skill level 5 in Throwing
  9755 | D        | Reached skill level 10 in Throwing
  9761 | D        | Got a slimy rune of Zot
  9905 | D        | Reached skill level 15 in Throwing
 10989 | D        | Got a warped tin ring
 12032 | D        | Noticed a greater mummy
 12032 | D        | Noticed a greater mummy
 12032 | D        | Noticed a greater mummy
 12032 | D        | Noticed a greater mummy
 12037 | D        | Killed a greater mummy
 12038 | D        | Killed a greater mummy
 12040 | D        | Noticed a greater mummy
 12040 | D        | Killed a greater mummy
 12041 | D        | Killed a greater mummy
 12229 | D        | Killed a greater mummy
 12483 | D        | Got a golden rune of Zot
 12521 | D        | Got an abyssal rune of Zot
 12665 | D        | Noticed Geryon
 12682 | D        | Killed Geryon
 12684 | D        | Noticed Antaeus
 12684 | D        | Identified the +7 sceptre of Asmodeus
 12684 | D        | Noticed Asmodeus
 12699 | D        | Noticed Mnoleg
 12707 | D        | HP: 1/218 [Antaeus (15)]
 12707 | D        | Annihilated by Antaeus

Levels and vault maps discovered:
D:        linesprint [early_d, line_temple, items_1, d_10, items_2, lair_1,
          lair_end, items_3, orc_1, orc_end, items_4, d_15, swamp_1, shoals_1,
          snake_1, spider_1, d_20, vaults_1, items_5, swamp_end, shoals_end,
          snake_end, spider_end, vaults_end, d_27, items_6, zot_1, zot_end,
          crypt_end, forest_end, elf_end, slime_end, tomb_end, abyss_end,
          pan_hell_end]

Skill      XL: |  1  2  3  4  5  6  7  8  9 10 11 12 13 14 15 16 17 18 19 20 21 22 23 |
---------------+----------------------------------------------------------------------+-----
Fighting       | 4 5 6 8 12 13 14 15 16 18 20 22 24 26 27 | 27.0
Maces & Flails | 3 4 5 7 11 12 13 14 15 16 19 20 21 23 25 26 27 | 27.0
Invocations    | 3 6 9 12 14 15 17 20 27 | 27.0
Armour         | 4 7 9 11 13 17 23 25 27 | 27.0
Shields        | 4 8 10 12 14 15 18 21 24 26 27 | 27.0
Dodging        | 8 14 16 21 27 | 27.0
Evocations     | 19 27 | 27.0
Stealth        | 25 27 | 27.0
Spellcasting   | 26 27 | 27.0
Throwing       | 26 | 26.5

Action                   |  1- 3 |  4- 6 |  7- 9 | 10-12 | 13-15 | 16-18 | 19-21 | 22-24 || total
-------------------------+-------+-------+-------+-------+-------+-------+-------+-------++-------
Melee: Flail             |    34 |       |       |       |       |       |       |       ||    34
       Dire flail        |     2 |    17 |    55 |   294 |   429 |       |       |       ||   797
       Great mace        |       |       |       |       |    94 |   440 |   236 |       ||   770
       Unarmed           |       |       |       |       |       |    11 |       |       ||    11
       Sacred scourge    |       |       |       |       |       |    91 |   238 |   468 ||   797
Throw: Javelin           |       |       |       |       |       |       |       |    18 ||    18
Invok: Brand Weapon With |       |       |       |       |       |     1 |       |       ||     1
       Cleansing Flame   |       |       |       |       |       |     3 |       |     7 ||    10
       Divine Shield     |       |       |       |       |       |     2 |       |       ||     2
Evoke: Wand              |       |       |       |       |       |     2 |       |       ||     2
  Use: Scroll            |       |       |     2 |     5 |     2 |     4 |       |     2 ||    15
       Potion            |       |       |       |     1 |     8 |     7 |       |     5 ||    21
  Eat: Chunk             |       |       |       |     6 |     6 |     4 |     2 |     2 ||    20
       Ration            |       |       |       |       |     1 |     1 |     1 |     3 ||     6
Armor: Scale mail        |     9 |       |       |       |       |       |       |       ||     9
       Ring mail         |     1 |    12 |    14 |    28 |       |       |       |       ||    55
       Gold dragon scale |       |       |       |    18 |   143 |    89 |    38 |    57 ||   345
Dodge: Dodged            |     9 |     4 |    10 |    27 |    34 |    65 |    83 |    85 ||   317
Block: Shield            |    13 |    12 |    16 |    76 |       |       |       |       ||   117
       Reflection        |       |       |       |     2 |    13 |    10 |     3 |    12 ||    40
       Large shield      |       |       |       |    52 |   359 |   474 |   384 |   438 ||  1707

Table legend:
 A = Non-vault XP
 B = Vault XP
 C = Vault XP percentage of total XP
 D = Non-vault monster count
 E = Vault monster count
 F = Vault count percentage of total count
                 A         B        C        D         E       F
            +---------+---------+-------+---------+---------+-------
      Total |    1990 |  679405 |  99.7 |       2 |     503 |  99.6
            +---------+---------+-------+---------+---------+-------
          D |    1990 |  679405 |  99.7 |       2 |     503 |  99.6
            +---------+---------+-------+---------+---------+-------
